Map: Catalyst LE

Players

Pain - Winner!

  • Race: Terran Terran
  • Spawn Location: 5:00

A.I. 1 (Medium)

  • Race: Zerg Zerg
  • Spawn Location: 11:00

VOD

Have the link to the VOD?

Description

Time

  • Played on: March 12, 2018, 10:20 p.m.
  • Length: 15:37
Show
View Real Time Build Order
Export as new Build Order

Pain Terran - Winner!

Build Orders:  

Get SALT Encoding   

  12  0:02  SCV  
  13  0:20  Supply Depot  
  13  0:23  SCV  
  14  0:35  SCV  
  15  0:45  Barracks  
  15  0:52  Barracks  
  15  1:07  SCV  
  16  1:19  SCV  
  17  1:25  Refinery  
  17  1:31  SCV  
  18  1:41  Supply Depot  
  18  1:43  SCV  
  19  1:54  Engineering Bay  
  19  1:56  SCV  
  19  2:08  SCV  
  20  2:14  Command Center  
  20  2:20  SCV  
  21  2:28  Barracks Reactor  
  21  2:31  Marine  
  22  2:37  SCV  
  23  2:46  Refinery  
  23  2:49  Marine  
  24  3:05  Terran Infantry Weapons Level 1  
  24  3:07  Marine  
  24  3:09  Marine x2  
  27  3:21  Orbital Command  
  27  3:25  Marine  
  28  3:27  Marine  
  28  3:32  SCV  
  30  3:43  Marine  
  30  3:44  SCV  
  32  3:48  Bunker  
  32  3:51  Marine x2  
  34  4:00  Marine  
  34  4:02  SCV  
  36  4:09  Marine  
  37  4:14  Marine, SCV  
  39  4:18  Marine  
  40  4:24  Supply Depot  
  40  4:26  SCV  
  40  4:27  Marine  
  42  4:43  Barracks Reactor  
  42  4:48  Supply Depot, SCV  
  43  4:59  Terran Infantry Armor Level 1  
  43  5:00  SCV  
  44  5:08  Factory  
  44  5:10  Supply Depot  
  44  5:12  SCV  
  45  5:21  Marine x4  
  49  5:33  Supply Depot  
  49  5:39  Marine x4  
  53  5:56  Marine  
  53  5:57  Marine x3  
  53  6:01  SCV  
  58  6:13  SCV  
  58  6:14  Marine x2  
  58  6:15  Marine x2, Factory Tech Lab  
  63  6:25  Factory, SCV  
  63  6:32  Marine x3  
  58  6:37  SCV  
  58  6:42  Marine  
  59  6:49  SCV  
  59  6:50  Marine x3  
  59  6:52  Refinery  
  63  6:59  Marine  
  64  7:01  SCV  
  64  7:07  Hellion  
  64  7:08  Marine x3  
  68  7:14  SCV  
  71  7:17  Marine  
  72  7:26  Marine x3, Sensor Tower, SCV  
  72  7:28  Hellion  
  78  7:42  Supply Depot  
  78  8:04  Hellion, Marine, SCV  
  82  8:06  Supply Depot  
  82  8:16  SCV  
  82  8:17  Factory Reactor  
  83  8:26  Hellion  
  85  8:28  Supply Depot  
  85  8:32  Barracks  
  85  8:47  Hellion  
  87  8:51  Supply Depot  
  87  8:59  Orbital Command  
  87  9:14  Supply Depot  
  87  9:19  Barracks  
  87  9:35  Marine x2  
  87  9:36  Marine x2  
  91  9:40  Hellion  
  91  9:41  Hellion x2  
  97  9:53  Marine x3  
  97  9:54  Marine  
  101  10:02  Hellion x3  
  107  10:07  Armory  
  107  10:08  Barracks  
  107  10:11  Marine x4  
  111  10:18  Barracks Tech Lab  
  111  10:23  Hellion x2, Siege Tank  
  118  10:48  Marine  
  118  10:49  Marine x2  
  118  10:50  Marine  
  118  10:51  Hellion  
  118  10:53  Hellion  
  118  10:56  Siege Tank  
  118  10:57  Supply Depot  
  116  11:22  Marine x7  
  123  11:28  Siege Tank  
  126  11:41  Supply Depot  
  126  11:59  Marine  
  126  12:00  SCV  
  126  12:01  Marine x2  
  126  12:02  Marine x4  
  126  12:03  Hellbat x2  
  126  12:04  Supply Depot  
  133  12:12  SCV  
  134  12:25  Marine x6  
  134  12:26  Hellbat  
  134  12:28  Marine  
  143  12:43  Marine x6  
  149  12:46  Marine  
  150  13:01  Marine x6  
  150  13:04  Marine  
  157  13:18  Marine x6  
  161  13:22  Marine  
  160  13:36  Marine x6  
  160  13:40  Marine  
  167  13:54  Marine x6  
  173  14:02  Combat Shields  
  164  14:31  SCV  
  164  14:43  SCV  
Show
View Real Time Build Order
Export as new Build Order

A.I. 1 (Medium) Zerg 

Build Orders: Pool First 

Get SALT Encoding   

  12  0:01  Drone  
  13  0:12  Overlord  
  13  0:17  Drone  
  14  0:31  Drone  
  14  0:33  Drone  
  16  0:42  Spawning Pool  
  16  0:45  Drone  
  16  0:50  Drone  
  16  0:53  Extractor  
  16  0:56  Drone  
  17  1:06  Overlord  
  17  1:31  Zergling x2  
  17  1:32  Queen  
  20  1:38  Drone  
  20  1:39  Roach Warren  
  20  1:42  Extractor  
  20  1:45  Zergling x2  
  20  1:49  Drone  
  21  2:00  Drone  
  22  2:10  Overlord  
  22  2:21  Roach  
  24  2:35  Roach  
  26  2:38  Overlord  
  26  2:49  Roach  
  28  3:02  Roach  
  28  3:03  Drone  
  31  3:08  Drone  
  32  3:16  Roach, Overlord  
  34  3:21  Drone  
  34  3:25  Drone  
  36  3:30  Roach  
  38  3:40  Baneling Nest  
  38  3:41  Drone  
  38  3:44  Drone, Roach  
  38  3:47  Drone  
  42  3:52  Evolution Chamber  
  42  3:54  Drone  
  42  4:05  Roach  
  44  6:11  Drone, Overlord, Lair  
  44  6:14  Drone, Spore Crawler  
  44  6:15  Spore Crawler  
  44  6:17  Drone, Evolution Chamber  
  44  6:21  Drone, Hatchery  
  44  6:24  Drone, Zergling x2  
  38  6:37  Roach  
  38  6:39  Drone, Spine Crawler  
  32  6:41  Spine Crawler  
  32  6:42  Drone  
  30  6:49  Roach  
  34  7:01  Roach  
  34  7:09  Overseer x2, Queen  
  34  7:13  Drone, Hydralisk Den, Roach  
  34  7:14  Infestation Pit  
  37  7:16  Drone, Spire  
  37  7:19  Drone  
  38  7:26  Roach  
  40  7:34  Drone, Queen  
  40  7:36  Spore Crawler  
  42  7:37  Drone, Spore Crawler  
  42  7:38  Roach  
  42  7:39  Spore Crawler  
  42  7:40  Drone  
  42  7:43  Drone  
  45  7:46  Drone  
  45  7:49  Drone, Hydralisk  
  49  7:54  Drone  
  49  7:57  Drone  
  51  8:00  Drone  
  51  8:01  Hydralisk  
  51  8:03  Drone  
  55  8:06  Drone  
  55  8:12  Drone  
  57  8:15  Overlord  
  57  8:22  Drone, Spine Crawler  
  57  8:24  Hydralisk  
  57  8:25  Drone  
  60  8:28  Drone  
  60  8:29  Spine Crawler  
  60  8:31  Drone  
  62  8:34  Drone  
  62  8:37  Drone  
  62  8:40  Hydralisk  
  65  8:41  Drone  
  65  8:44  Drone  
  65  8:46  Overlord  
  67  8:49  Drone  
  67  8:52  Overseer  
  68  9:04  Drone, Overlord  
  69  9:45  Extractor  
  69  9:46  Drone  
  69  9:52  Extractor  
  68  9:53  Drone  
  69  10:07  Drone  
  69  10:10  Drone  
  69  10:13  Drone  
  72  10:16  Drone  
  73  10:46  Overlord, Pneumatized Carapace, Zergling x2  
  73  10:47  Overseer, Zerg Melee Weapons Level 1  
  73  10:48  Zerg Ground Armor Level 1  
  72  10:51  Mutalisk  
  72  10:56  Zergling x2  
  56  11:01  Mutalisk, Overseer  
  58  11:06  Mutalisk, Overlord  
  60  11:11  Zergling x2  
  60  11:16  Hatchery  
  60  11:17  Zergling x2  
  57  11:19  Metabolic Boost  
  57  11:22  Zergling x2  
  57  11:24  Drone  
  49  11:27  Drone, Zergling x2  
  49  11:29  Queen  
  49  11:30  Drone  
  49  11:32  Mutalisk  
  48  11:33  Drone  
  48  11:34  Spine Crawler  
  48  11:37  Drone, Overseer  
  48  11:38  Mutalisk  
  45  11:40  Drone  
  45  11:43  Mutalisk, Drone  
  44  11:48  Zergling x2  
  44  11:51  Overlord  
  44  11:53  Overseer, Zergling x2  
  38  11:58  Mutalisk  
  38  11:59  Overseer  
  37  12:03  Zergling x2  
  37  12:04  Queen  
  36  12:13  Overlord  
  37  12:16  Overseer  
  37  12:19  Overlord  
  37  12:20  Overlord  
  33  12:31  Zergling x2  
  33  12:36  Zergling x2  
  33  12:37  Drone  
  34  12:41  Mutalisk  
  34  12:42  Hive, Drone  
  37  12:48  Drone  
  38  12:53  Overlord  
  38  12:56  Drone, Zergling x2, Overseer  
  40  13:01  Mutalisk  
  41  13:06  Mutalisk  
  41  13:11  Zergling x2  
  41  13:12  Drone  
  40  13:15  Drone  
  40  13:17  Zergling x2  
  41  13:20  Overseer  
  41  13:22  Zergling x2  
  41  13:26  Mutalisk  
  38  13:34  Hydralisk  
  35  13:40  Overlord  
  32  13:41  Zergling x2  
  24  14:03  Hydralisk Den  
  20  14:15  Hatchery  
  15  14:17  Overlord  
  15  14:38  Spawning Pool  
  13  14:50  Hatchery  
  12  15:14  Drone  
  11  15:17  Drone  
  11  15:19  Drone  
Tags
 
Matchup
TvZ
Opening
Pool First
Replay Pack
RP
Spawn Locations
Cross Positions
Add a new tag
Caveats
  • Supply blocks, unpowered buildings, or Contaminate may cause inaccurate times.
  • Supply counts are checked every 10 seconds.